 Dungeon Crawl Stone Soup version 0.16.0-11-gd45b091 (webtiles) character file.

149 Palladion the Insei (level 5, -3/34 HPs)
             Began as an Octopode Transmuter on Mar 17, 2015.
             Slain by a kobold
             ... wielding a +1 dagger of venom
              (4 damage)
             ... on level 3 of the Dungeon.
             The game lasted 00:04:07 (2270 turns).

Palladion the Insei (Octopode Transmuter)           Turns: 2270, Time: 00:04:07

Health: -3/34      AC:  1    Str: 14    XL:     5   Next: 31%
Magic:  10/10      EV: 12    Int: 17    God:
Gold:   117        SH:  0    Dex: 12    Spells: 1 memorised, 8 levels left

rFire  . . .     SeeInvis .       - Unarmed
rCold  . . .     Clarity  .     (no shield)
rNeg   . . .     SustAb   .     (helmet restricted)
rPois  .         Gourm    .     (no amulet)
rElec  .         Spirit   .     (no ring)
rCorr  .         Warding  .     (no ring)
rMut   .         Stasis   .     (no ring)
MR     .....                    (no ring)
Stlth  ++........               (no ring)
                                (no ring)
                                (no ring)
                                (no ring)

@: mighty, lethally poisoned (-3 -> -15), drained, not resistant to hostile
enchantments, unstealthy
A: almost no armour, amphibious, 8 rings, constrict 8, camouflage 1, gelatinous
body 1
a: no special abilities


You were on level 3 of the Dungeon.
You were not hungry.

You visited 1 branch of the dungeon, and saw 3 of its levels.

You collected 117 gold pieces.

Inventory:

Missiles
 b - 12 arrows
 n - 8 tomahawks (quivered)
Jewellery
 g - an uncursed amulet of guardian spirit {unknown}
Scrolls
 c - a scroll of recharging {unknown}
 e - a scroll of immolation {unknown}
 f - 3 scrolls of enchant weapon {unknown}
 h - 3 scrolls of random uselessness {unknown}
 i - a scroll of amnesia {unknown}
 l - 3 scrolls of identify {unknown}
 m - 3 scrolls of remove curse {unknown}
Potions
 j - a potion of magic
 p - a potion of curing {unknown}
Books
 d - a book of Changes

   Spells                             Type                      Level
   a - Beastly Appendage              Transmutation                1
   b - Sticks to Snakes               Transmutation                2
   c - Spider Form                    Transmutation/Poison         3
   d - Ice Form                       Ice/Transmutation            4
   e - Blade Hands                    Transmutation                5
Comestibles
 a - 4 bread rations
 o - 2 chunks of flesh


   Skills:
 + Level 2.1(1.6) Fighting
 - Level 2.0(1.4) Dodging
 + Level 3.9(3.4) Unarmed Combat
 + Level 2.9(2.4) Spellcasting
 + Level 3.4(2.8) Transmutations


You had 8 spell levels left.
You knew the following spells:

 Your Spells              Type           Power        Failure   Level  Hunger
a - Beastly Appendage     Trmt           ##....       10%         1    #......


Dungeon Overview and Level Annotations

Branches:
Dungeon (3/15)

Altars:
Cheibriados
Trog


Innate Abilities, Weirdness & Mutations

You cannot wear most types of armour.
You are amphibious.
You can wear up to eight rings at the same time.
You can use your tentacles to constrict many enemies at once.
Your skin changes colour to match your surroundings (Stealth).
Your rubbery body absorbs attacks (AC +1).


Message History

Here: a kobold, wielding a dagger of venom The floor.
Unknown command.
Drink which item? (? for menu, Esc to quit)
It was a potion of magic.
Magic courses through your body. The adder bites you.
* * * LOW HITPOINT WARNING * * *
The kobold zaps a wand.
The bolt of negative energy misses you. The kobold hits you but does no damage.
You are lethally poisoned!
The adder bites you.
* * * LOW HITPOINT WARNING * * *
You are more poisoned.
The adder poisons you!
Drink which item? (? for menu, Esc to quit)
It was a potion of might.
You feel very mighty all of a sudden.
* * * LOW HITPOINT WARNING * * *
You feel sick. The kobold barely misses you.
The kobold hits you with a dagger of venom.
You die...

.........#.########
...................
...........######.#
.....##....# .# ##.
####.......#
####.##...#
#..........#
#..........
#......##..#
#..........
#..........#
#.†.........
#......###.#
#..@K.......
#......# #..
#..SK.......
#......# ##.
#...........
####.#.# .
####.####.#
#......# .o .# #
##.###.# # .#
...###.# .#
....##.# ..
###.##.# ..


You could see an adder and 2 kobolds.

Vanquished Creatures
  Crazy Yiuf (D:2)
  4 gnolls (D:2)
  2 adders (D:3)
  A worm (D:2)
  2 giant geckos
  An ooze (D:3)
  4 bats (D:1)
  A giant cockroach (D:3)
  4 goblins
  6 hobgoblins
  3 jackals (D:3)
  15 kobolds
  5 giant newts
  11 rats
60 creatures vanquished.

Notes
Turn   | Place    | Note
--------------------------------------------------------------
     0 | D:1      | Palladion, the Octopode Transmuter, began the quest for the Orb.
     0 | D:1      | Reached XP level 1. HP: 13/13 MP: 3/3
    18 | D:1      | Found a snail-covered altar of Cheibriados.
   135 | D:1      | Reached XP level 2. HP: 12/18 MP: 4/4
   507 | D:1      | Reached XP level 3. HP: 23/23 MP: 6/6
   926 | D:2      | Reached XP level 4. HP: 10/28 MP: 8/8
  1102 | D:2      | Noticed Crazy Yiuf
  1111 | D:2      | Killed Crazy Yiuf
  1357 | D:2      | Found a bloodstained altar of Trog.
  1591 | D:2      | Reached XP level 5. HP: 31/34 MP: 9/9
  2270 | D:3      | HP: 1/34 [poisoned by an adder]
  2270 | D:3      | Slain by a kobold

Action                   |  1- 3 |  4- 6 || total
-------------------------+-------+-------++-------
Melee: Unarmed           |    46 |    71 ||   117
 Cast: Beastly Appendage |     1 |       ||     1
  Use: Potion            |       |     2 ||     2
 Stab: Sleeping          |     1 |     2 ||     3
  Eat: Chunk             |       |     4 ||     4
